 Dungeon Crawl Stone Soup version 0.28.0-43-g3370ac3207 (webtiles) character file.

Game seed: 3271899491378127598

37782 pkoi the Zephyrmancer (level 13, -11/94 HPs)
             Began as a Black Draconian Air Elementalist on Mar 3, 2022.
             Was a High Priest of Sif Muna.
             Mangled by a death yak (20 damage)
             ... on level 4 of the Lair of Beasts.
             The game lasted 00:40:41 (33005 turns).

pkoi the Zephyrmancer (DrAE)                       Turns: 33005, Time: 00:40:41

Health: -11/94     AC: 12    Str: 11    XL:     13   Next: 60%
Magic:  33/36      EV: 16    Int: 19    God:    Sif Muna [*****.]
Gold:   890        SH:  0    Dex: 13    Spells: 18/32 levels left

rFire   . . .      SeeInvis .   G - staff of air
rCold   . . .      Faith    +   (no shield)
rNeg    . . .      Spirit   .   (armour unavailable)
rPois   .          Reflect  .   F - +0 hat
rElec   +          Harm     .   a - scarf {repulsion}
rCorr   .          Rampage  .   f - +1 pair of gloves
Will    +....                   t - +1 pair of boots
Stlth   ++........              g - amulet of faith
HPRegen 1.05/turn               c - ring of willpower
MPRegen 0.25/turn               w - ring of magical power

@: repel missiles
A: breathe lightning, AC +8, unfitting armour, electricity resistance,
cold-blooded, regeneration 1, MP-powered wands
a: Breathe Lightning, Renounce Religion, Channel Magic, Forget Spell, Divine
Exegesis


You were on level 4 of the Lair of Beasts.
You worshipped Sif Muna.
Sif Muna was extremely pleased with you.
You visited 3 branches of the dungeon, and saw 16 of its levels.
You also visited: Gauntlet.

You collected 890 gold pieces.

Inventory:

Hand Weapons
 C - the +3 war axe "Conservator" {vorpal, rElec rN+ Str+3}
   (You found it on level 9 of the Dungeon)

   It inflicts extra damage upon your enemies.
   Str:       It affects your strength (+3).
   rElec:     It insulates you from electricity.
   rN:        It protects you from negative energy.
Missiles
 b - 4 boomerangs of dispersal
 d - 23 poisoned darts
 m - 6 throwing nets
 s - 5 datura-tipped darts
 H - 4 curare-tipped darts
Armour
 a - a scarf of repulsion (worn)
 f - a +1 pair of gloves (worn)
 t - a +1 pair of boots (worn)
 F - a +0 hat (worn)
Magical Staves
 G - a staff of air (weapon)
Jewellery
 c - a ring of willpower (left hand)
 g - an amulet of faith (around neck)
 w - a ring of magical power (right hand)
 P - a ring of fire
 Q - an amulet of guardian spirit
Wands
 o - a wand of flame (33)
 p - a wand of iceblast (11)
 q - a wand of paralysis (18)
 B - a wand of acid (4)
 I - a wand of mindburst (19)
Scrolls
 i - 3 scrolls of teleportation
 u - 4 scrolls of amnesia
 y - a scroll of holy word
 D - 3 scrolls of enchant weapon
 J - 4 scrolls of fog
 K - a scroll of silence
 L - a scroll of fear
 M - a scroll of enchant armour
Potions
 e - 3 potions of lignification
 h - 2 potions of resistance
 j - 2 potions of might
 k - 5 potions of haste
 z - a potion of flight
 A - a potion of ambrosia
 E - 3 potions of heal wounds
 N - a potion of magic
 O - a potion of curing
 R - a potion of brilliance


   Skills:
 - Level 3.0 Fighting
 + Level 10.6 Dodging
 - Level 1.7 Stealth
 - Level 10.0 Spellcasting
 + Level 11.7 Conjurations
 + Level 1.0 Translocations
 - Level 13.4 Air Magic
 - Level 8.3 Invocations
 - Level 3.0 Evocations


You had 18 spell levels left.
You knew the following spells:

 Your Spells              Type           Power      Damage    Failure   Level
a - Shock                 Conj/Air       100%       1d9       1%          1
b - Swiftness             Air            74%        N/A       1%          3
c - Airstrike             Air            37%        N/A       1%          4
d - Static Discharge      Conj/Air       72%        N/A       1%          2
e - Iskenderun's Mystic   Conj/Tloc      34%        2d8       5%          4

Your spell library contained the following spells:

 Spells                   Type           Power      Damage    Failure   Level
 Poisonous Vapours        Pois/Air       100%       N/A       1%          2
 Conjure Flame            Conj/Fire      31%        6-21      1%          3
 Dazzling Flash           Conj/Hex       62%        N/A       1%          3
 Stone Arrow              Conj/Erth      62%        3d10      1%          3
 Sandblast                Erth           18%        2d7       8%          1
 Slow                     Hex            36%        N/A       8%          1
 Passwall                 Tmut/Erth      7%         N/A       11%         2
 Sublimation of Blood     Necr           9%         N/A       11%         2
 Wereblood                Tmut           9%         N/A       11%         2
 Silence                  Hex/Air        25%        N/A       13%         5
 Teleport Other           Tloc           13%        N/A       14%         3
 Portal Projectile        Hex/Tloc       22%        N/A       19%         3
 Fireball                 Conj/Fire      15%        3d8       19%         5
 Summon Guardian Golem    Hex/Summ       9%         N/A       22%         3
 Orb of Destruction       Conj           26%        9d9       45%         7
 Animate Dead             Necr           4%         N/A       58%         4
 Manifold Assault         Tloc           13%        N/A       78%         5
 Agony                    Necr           9%         N/A       90%         5
 Borgnjor's Vile Clutch   Necr/Erth      4%         N/A       90%         5
 Summon Mana Viper        Hex/Summ       9%         N/A       90%         5
 Spellforged Servitor     Conj/Summ      15%        N/A       99%         7
 Death Channel            Necr           4%         N/A       100%        6
 Haunt                    Necr/Summ      4%         N/A       100%        7
 Malign Gateway           Summ/Tloc      5%         N/A       100%        7
 Summon Hydra             Summ           4%         N/A       100%        7
 Infestation              Necr           4%         N/A       100%        8
 Chain Lightning          Conj/Air       36%        3d48      100%        9


Dungeon Overview and Level Annotations

Branches:
Dungeon (10/15)            Temple (1/1) D:6            Lair (5/6) D:10
  Swamp (0/4) Lair:4        Snake (0/4) Lair:3      Gauntlet (visited)
  Slime: Lair:5-6       Orc: D:9-12

Altars:
Ashenzari
Cheibriados
Dithmenos
Elyvilon
Fedhas
Gozag
Hepliaklqana
Kikubaaqudgha
Makhleb
Nemelex Xobeh
Okawaru
Qazlal
Ru
Sif Muna
Trog
Uskayaw
Vehumet
Wu Jian
Xom
Yredelemnul
Zin
The Shining One

Shops:
D:8 (   D:10 *

Annotations:
D:1 Terence
D:8 1 runed translucent door
D:9 3 runed translucent doors, pkoi's ghost, novice DrFE
Lair:2 2 runed translucent doors, BigDaddyOpFi's ghost, journeyman MiMo


Innate Abilities, Weirdness & Mutations

You can breathe wild blasts of lightning.
Your glossy black scales are hard. (AC +8)
You cannot fit into any form of body armour.
You are resistant to electric shocks. (rElec)
You are cold-blooded and may be slowed by cold attacks.
Your natural rate of healing is unusually fast.
You expend magic power (3 MP) to strengthen your wands.


Message History

Unknown command.
Casting: Static Discharge (safe; 1% risk of failure)
Confirm with . or Enter, or press ? or * to list all spells.
You feel a surge of power!
The death yak is struck by an arc of lightning!
The death yak is lightly wounded.
You resist.
You are struck by an arc of lightning.
* * * LOW HITPOINT WARNING * * *
The death yak is struck by an arc of lightning.
The death yak is lightly wounded.
The dream sheep is struck by an arc of lightning.
The dream sheep is lightly wounded.
The lightning grounds out.
The dream sheep bites you.
* * * LOW HITPOINT WARNING * * *
The yak misses you. The death yak closely misses you. x2
Unknown command.
Unknown command.
Casting: Static Discharge (safe; 1% risk of failure)
Confirm with . or Enter, or press ? or * to list all spells.
You feel a surge of power!
The dream sheep is struck by an arc of lightning.
The dream sheep is moderately wounded.
The yak is struck by an arc of lightning.
The yak is lightly wounded.
You resist.
You are struck by an arc of lightning.
The yak is struck by an arc of lightning.
The yak is moderately wounded.
The lightning grounds out.
The dream sheep ruffles its wool and motes of dream dust sparkle, to no effect.
The yak gores you but does no damage. The death yak misses you.
The death yak closely misses you.
Unknown command.
Unknown command.
The dream sheep shakes its wool and sparkles.
You feel drowsy...
You fall asleep.
The yak gores you!!!
You wake up.
* * * LOW HITPOINT WARNING * * *
The death yak gores you but does no damage.
The death yak gores you!!
You die...

#..###.#.⌠..# ##............#
#...###.....## #..!.........#
##...........#####..........##
#..#..........###...........#
###...........##............##
##....#...##...##............#
#...##..⌠.###................##
##..####...####...#.#..........#
#...# #.....###.@Y######.##....#
.<.⌠# #..>..##.YYY.# #########
#...# #.....###....#
##..####...##.#..###
#.....##.⌠.###...#
##....##...#....##
...#.........^..#
#####.........### ###
###.......## #####P#


You could see 2 death yaks, a yak and a dream sheep.

Vanquished Creatures
  Gastronok (D:9)
  4 hydras
  A boulder beetle (Lair:3)
  A catoblepas (Lair:4)
  Harold (D:9)
  2 two-headed ogres
  A death yak (Lair:5)
  Nergalle (Lair:4)
  Sonja (Lair:4)
  2 bog bodies (Lair:4)
  A lindwurm (Lair:3)
  An ugly thing (D:9)
  A manticore (D:10)
  8 elephants
  2 black mambas (Lair:2)
  A torpor snail (Lair:4)
  8 cane toads
  Joseph (D:9)
  2 rime drakes
  Maggie (D:5)
  15 komodo dragons
  Psyche (D:8)
  A tengu conjurer (D:10)
  A kobold demonologist (D:10)
  A troll (D:10)
  Prince Ribbit (D:7)
  2 hornets
  10 blink frogs
  A meliai zombie (D:10)
  2 dream sheep (Lair:4)
  3 wyverns
  A jumping spider (shapeshifter) (D:10)
  2 shadows
  A wraith (D:8)
  15 yaks
  6 basilisks
  3 vampire mosquitoes (Lair:1)
  A swamp worm (Lair:4)
  Edmund (D:6)
  14 water moccasins
  Duvessa (D:6)
  4 swamp drakes (Lair:1)
  5 orc warriors
  A black bear (D:7)
  3 ogres
  5 centaurs
  14 wolves
  3 phantoms
  9 bullfrogs
  3 kobold brigands
  3 scorpions
  A water moccasin zombie (D:5)
  A water moccasin skeleton (D:4)
  Dowan (D:6)
  18 wights
  5 howler monkeys
  5 electric eels
  6 centaur zombies
  A centaur skeleton (D:5)
  5 hounds
  4 orc priests
  2 gnoll shamans
  Jessica (D:3)
  An iguana (D:5)
  Natasha (thrice) (D:2)
  12 orc wizards
  A centaur simulacrum (D:10)
  Robin (D:2)
  9 gnolls
  8 adders
  A shadow imp (D:6)
  A white imp (D:7)
  4 worms
  3 dart slugs
  39 orcs
  8 endoplasms
  4 giant cockroaches
  12 goblins
  9 hobgoblins
  9 jackals
  2 quokkas
  3 ball pythons
  8 bats
  3 frilled lizards
  22 kobolds
  3 rats
390 creatures vanquished.

Vanquished Creatures (others)
  19 fungi
  25 plants
44 creatures vanquished.

Grand Total: 434 creatures vanquished

Notes
Turn   | Place    | Note
-------+----------+-------------------------------------------
     0 | D:1      | pkoi the Draconian Air Elementalist began the quest for the
                  | Orb.
     0 | D:1      | Reached XP level 1. HP: 14/14 MP: 3/3
   594 | D:1      | Reached XP level 2. HP: 20/20 MP: 1/5
   818 | D:1      | Found a faded altar of an unknown god.
  1341 | D:2      | Noticed Terence
  1420 | D:1      | HP: 1/20 [Terence/+0 hand axe (7)]
  1746 | D:2      | Reached XP level 3. HP: 26/26 MP: 0/6
  1906 | D:2      | Learned a level 3 spell: Swiftness
  1934 | D:2      | Noticed Natasha
  1940 | D:2      | Killed Natasha
  2260 | D:2      | Noticed Natasha
  2266 | D:2      | Killed Natasha
  2267 | D:2      | Reached skill level 4 in Air Magic
  2267 | D:2      | Reached XP level 4. HP: 33/33 MP: 3/7
  2433 | D:2      | Learned a level 4 spell: Airstrike
  2726 | D:2      | Reached XP level 5. HP: 38/38 MP: 6/9
  2760 | D:2      | Noticed Natasha
  2880 | D:2      | Noticed Robin
  2895 | D:2      | Killed Natasha
  2900 | D:2      | Killed Robin
  3477 | D:2      | Reached skill level 5 in Air Magic
  4553 | D:3      | Noticed Jessica
  4563 | D:3      | Killed Jessica
  4564 | D:3      | Reached XP level 6. HP: 27/45 MP: 10/10
  4686 | D:3      | Found a shimmering blue altar of Sif Muna.
  4817 | D:3      | Became a worshipper of Sif Muna the Loreminder
  5597 | D:4      | Reached skill level 1 in Invocations
  5614 | D:4      | Reached skill level 6 in Air Magic
  6250 | D:4      | Your scales start taking on a glossy black colour.
  6250 | D:4      | Reached skill level 7 in Air Magic
  6250 | D:4      | Reached XP level 7. HP: 50/50 MP: 5/11
  6250 | D:4      | Gained mutation: You are resistant to electric shocks.
                  | (rElec) [Black Draconian growth]
  6585 | D:5      | Entered Level 5 of the Dungeon
  6630 | D:5      | Reached skill level 8 in Air Magic
  7414 | D:5      | Reached skill level 9 in Air Magic
  8215 | D:5      | Reached skill level 10 in Air Magic
  8316 | D:5      | Reached XP level 8. HP: 57/57 MP: 3/12
  8655 | D:5      | Learned a level 2 spell: Static Discharge
  9103 | D:5      | Noticed a hornet
  9108 | D:5      | Killed a hornet
  9320 | D:5      | Gained mutation: You expend magic power (3 MP) to
                  | strengthen your wands. [potion of mutation]
  9320 | D:5      | Gained mutation: Your natural rate of healing is unusually
                  | fast. [potion of mutation]
  9872 | D:6      | Noticed Edmund
  9968 | D:6      | Killed Edmund
  9974 | D:6      | Noticed Maggie
 10064 | D:6      | Noticed Duvessa
 10064 | D:6      | Noticed Dowan
 10398 | D:5      | Killed Maggie
 10738 | D:6      | Reached XP level 9. HP: 62/62 MP: 4/15
 11221 | D:6      | Reached * piety under Sif Muna
 11222 | D:6      | Reached skill level 11 in Air Magic
 11256 | D:6      | Reached skill level 1 in Evocations
 11461 | D:6      | Found a staircase to the Ecumenical Temple.
 11489 | Temple   | Entered the Ecumenical Temple
 11885 | D:6      | Killed Duvessa
 12047 | D:6      | Killed Dowan
 12325 | D:7      | Reached skill level 5 in Invocations
 12629 | D:7      | Noticed Prince Ribbit
 12638 | D:7      | Killed Prince Ribbit
 12722 | D:6      | Reached skill level 1 in Fighting
 12722 | D:6      | Reached skill level 5 in Conjurations
 13663 | D:7      | Reached ** piety under Sif Muna
 14080 | D:8      | Reached skill level 5 in Spellcasting
 14347 | D:8      | Reached XP level 10. HP: 56/73 MP: 14/17
 14500 | D:8      | Found Boirahick's Antique Weapon Emporium.
 14581 | D:8      | Noticed a sixfirhy
 14589 | D:8      | Found a runed translucent door.
 14750 | D:8      | Got the Tome of the Flying Oath
 14756 | D:8      | Noticed Psyche
 14763 | D:8      | Killed Psyche
 15303 | D:9      | Noticed Harold
 15310 | D:9      | Killed Harold
 15322 | D:9      | HP: 2/77 [wight/bolt of acid (21)]
 15444 | D:9      | Noticed a two-headed ogre
 15448 | D:9      | Killed a two-headed ogre
 15449 | D:9      | Reached skill level 5 in Dodging
 15603 | D:9      | Reached skill level 12 in Air Magic
 15882 | D:9      | Found a runed translucent gate.
 15883 | D:9      | Found a runed translucent gate.
 15884 | D:9      | Found a runed translucent gate.
 15887 | D:9      | Noticed pkoi's ghost (novice DrFE)
 15976 | D:9      | Identified the +3 war axe "Conservator" {vorpal, rElec rN+
                  | Str+3}
 15981 | D:9      | Noticed Gastronok
 16002 | D:9      | Killed Gastronok
 16220 | D:9      | Noticed Joseph
 16226 | D:9      | Killed Joseph
 16695 | D:9      | Reached XP level 11. HP: 82/82 MP: 20/20
 17695 | D:9      | Noticed a two-headed ogre
 17819 | D:8      | Killed a two-headed ogre
 18583 | D:10     | Entered Level 10 of the Dungeon
 19159 | D:10     | Reached *** piety under Sif Muna
 19792 | D:10     | Found a staircase to the Lair.
 19816 | D:10     | Noticed a purple ugly thing
 19826 | D:9      | Killed a purple ugly thing
 20240 | D:10     | Reached skill level 13 in Air Magic
 20856 | D:10     | Found Bycsovy's Mayhem Merchandise.
 21288 | Lair:1   | Entered Level 1 of the Lair of Beasts
 23153 | Lair:2   | Reached XP level 12. HP: 44/89 MP: 12/23
 23155 | Lair:2   | HP: 1/89 [komodo dragon (19)]
 24877 | Lair:2   | Found a large runed translucent door.
 24879 | Lair:2   | Found a large runed translucent door.
 24881 | Lair:2   | Noticed BigDaddyOpFi's ghost (journeyman MiMo)
 24883 | Lair:2   | Noticed a four-headed hydra
 24891 | Lair:2   | Killed a four-headed hydra
 25051 | Lair:2   | Noticed an eight-headed hydra
 25056 | Lair:2   | Killed an eight-headed hydra
 25056 | Lair:2   | Reached **** piety under Sif Muna
 26874 | Lair:2   | Reached skill level 10 in Conjurations
 28256 | Lair:3   | Noticed a boulder beetle
 28269 | Lair:3   | Killed a boulder beetle
 28404 | Lair:3   | Found a staircase to the Snake Pit.
 28657 | Lair:4   | Reached XP level 13. HP: 94/94 MP: 19/26
 29257 | Lair:4   | Identified the +1 morningstar "Zocanot" {vorpal, rN+ Dex+2}
 29378 | Lair:4   | Identified a scroll of acquirement
 29858 | Lair:4   | Found a staircase to the Swamp.
 29892 | Lair:4   | Noticed Nergalle
 29956 | Lair:4   | Killed Nergalle
 30500 | Lair:4   | Noticed Sonja
 30502 | Lair:4   | Killed Sonja
 30503 | Lair:4   | Reached skill level 10 in Dodging
 30822 | Lair:4   | Acquired a scarf of repulsion
 31028 | Lair:4   | Reached skill level 10 in Spellcasting
 31902 | Lair:4   | Reached ***** piety under Sif Muna
 32201 | Lair:5   | Found a gate leading to a gauntlet.
 32214 | Gauntlet | Entered a Gauntlet
 32214 | Gauntlet | Found a large runed translucent door.
 32214 | Gauntlet | Found a large runed translucent door.
 32214 | Gauntlet | Found a large runed translucent door.
 32214 | Gauntlet | Found a large runed translucent door.
 32214 | Gauntlet | Found a large runed translucent door.
 32214 | Gauntlet | Found a large runed translucent door.
 32214 | Gauntlet | Found a large runed translucent door.
 32214 | Gauntlet | Found a large runed translucent door.
 32214 | Gauntlet | Found a runed translucent door.
 32214 | Gauntlet | Found a runed translucent gate.
 32214 | Gauntlet | Found a transporter.
 32214 | Gauntlet | Found a transporter.
 32214 | Gauntlet | Found a runed translucent gate.
 32214 | Gauntlet | Found a transporter.
 32233 | Gauntlet | Found a transporter.
 32233 | Gauntlet | Found a transporter.
 32233 | Gauntlet | Found a transporter.
 32243 | Gauntlet | Found a transporter.
 32247 | Gauntlet | Found a transporter.
 32253 | Gauntlet | Noticed a quicksilver ooze
 32257 | Gauntlet | Noticed a blizzard demon
 32257 | Gauntlet | Found the ring of the Octopus King
 32262 | Gauntlet | Found a transporter.
 32263 | Gauntlet | Found a transporter.
 32281 | Gauntlet | Found a transporter.
 32285 | Gauntlet | Found a transporter.
 32301 | Gauntlet | Found a runed translucent gate.
 32302 | Gauntlet | Found a large runed translucent door.
 32302 | Gauntlet | Found a large runed translucent door.
 32303 | Gauntlet | Found a large runed translucent door.
 32304 | Gauntlet | Found a large runed translucent door.
 32305 | Gauntlet | Found a large runed translucent door.
 32305 | Gauntlet | Found a large runed translucent door.
 32305 | Gauntlet | Found a runed translucent door.
 32306 | Gauntlet | Found a large runed translucent door.
 32307 | Gauntlet | Found a large runed translucent door.
 32524 | Lair:5   | Received a gift from Sif Muna
 32529 | Lair:5   | Got Sif Muna's Handbook of Fiery Translocation {god gift}
 32774 | Lair:4   | Learned a level 4 spell: Iskenderun's Mystic Blast
 32964 | Lair:4   | Reached skill level 1 in Translocations
 33005 | Lair:4   | Mangled by a death yak

Illustrated notes

Levels and vault maps discovered:
D:1:      roderic_chinese_lattice_arrival, layout_basic, serial_curves,
          eino_curves_01, eino_curves_01, hellmonk_ecumenical_altar_run_dry
D:2:      layout_loops_corners, minmay_joined_circles, uniq_robin, uniq_natasha,
          uniq_terence
D:3:      layout_rooms, tgw_sif
D:4:      layout_rooms
D:5:      layout_basic, nrook_mini_backslash
D:6:      layout_cave_pools, minmay_temple_entry_wispy,
          chequers_serial_rivers_micro_a,
          nicolae_concentric_dashed_squares_wild, chequers_decorated_corner,
          uniq_edmund, uniq_duvessa, uniq_maggie
D:7:      layout_loops_ring, uniq_prince_ribbit1
D:8:      cheibrodos_shockbox, layout_gridville, serial_shops,
          nicolae_diamond_shop, minmay_crystal_water,
          chequers_serial_rivers_micro_c, uniq_psyche
D:9:      layout_gridville, gammafunk_ghost_nasty_kobolds, uniq_joseph,
          uniq_gastronok, uniq_harold
D:10:     minmay_blocky_corners, layout_long_grid, erik_lair_island,
          minmay_shop_mayhem
Temple:   nicolae_temple_the_god_donut
Lair:1:   layout_loops_ring, pond
Lair:2:   layout_gridlike, ebering_ghost_disaster_area, nzn_random_ring
Lair:3:   layout_roguey, dummy_snake_entry, grunt_megastairs_1
Lair:4:   layout_cave_pods, nicolae_swamp_entry_splash_gauntlet,
          chequers_serial_rivers_micro_e, lemuel_fruit_tree, grunt_megastairs_5,
          infiniplex_staircase_pool_2, uniq_nergalle, uniq_sonja
Lair:5:   layout_regular_city, gauntlet_entry_generic, st_stairs_12

Skill      XL: |  1  2  3  4  5  6  7  8  9 10 11 12 13 |
---------------+----------------------------------------+-----
Conjurations   | 2 3 4 5 6 8 10 11 | 11.7
Air Magic      | 4 5 7 10 11 12 13 | 13.4
Spellcasting   | 3 4 5 6 7 9 10 | 10.0
Invocations    | 2 3 4 5 7 8 |  8.3
Dodging        | 3 4 5 7 9 10 | 10.6
Evocations     | 3 |  3.0
Fighting       | 2 3 |  3.0
Translocations | 1 |  1.0
Stealth        | |  1.7

Action                   |  1- 3 |  4- 6 |  7- 9 | 10-12 | 13-15 || total
-------------------------+-------+-------+-------+-------+-------++-------
Melee: Short sword       |    24 |    38 |       |       |       ||    62
       Tailslap          |     2 |     6 |    14 |     8 |     1 ||    31
       Punch             |     1 |       |     1 |     2 |       ||     4
       Whip              |       |    35 |    67 |    16 |       ||   118
       War axe           |       |       |       |    13 |       ||    13
       Staff             |       |       |       |    16 |     2 ||    18
 Cast: Shock             |    53 |   156 |     2 |       |       ||   211
       Airstrike         |       |       |   137 |   379 |   127 ||   643
       Static Discharge  |       |       |     1 |    18 |    13 ||    32
Invok: Channel Magic     |       |       |       |       |     1 ||     1
 Abil: Breathe Lightning |       |       |     4 |     2 |       ||     6
Evoke: Wand              |       |       |       |     6 |       ||     6
  Use: Scroll            |       |       |    14 |     6 |     5 ||    25
       Potion            |       |       |     8 |     1 |       ||     9
 Stab: Sleeping          |       |     1 |     1 |       |       ||     2
       Paralysed         |       |       |       |     8 |       ||     8
Armor: Skin              |     6 |    36 |    53 |    94 |    27 ||   216
Dodge: Dodged            |    31 |    96 |    71 |   145 |    78 ||   421
